| TOP OF THE 1ST |
|
Gastonia Rockets batting - Pitching for Greenville Spinners : RHP Robert Hussey
|
|
Pitching: RHP Robert Hussey
|
|
|
Batting: LHB Jon Lindsey
|
0-0: Foul Ball, location: 2F 0-1: Ball 1-1: Ball 2-1: Ball 3-1: Bunt missed! 3-2: Base on Balls
|
|
Batting: RHB Pat Dumouchelle
|
0-0: Fly out, F8 (Flyball, 8LM, EV 99.4 MPH)
|
|
Batting: LHB Dale Holman
|
0-0: Called Strike 0-1: Ball 1-1: Ball 2-1: Fly out, F7 (Flyball, 78S, EV 88.1 MPH)
|
|
Batting: RHB Mark Davidson
|
0-0: Swinging Strike 0-1: Ball Jon Lindsey is caught stealing 2nd base 2-4
|
| Top of the 1st over - 0 runs, 0 hits, 0 errors, 0 left on base; Gastonia 0 - Greenville 0 |
| BOTTOM OF THE 1ST |
|
Greenville Spinners batting - Pitching for Gastonia Rockets : RHP Rod Boxberger
|
|
Pitching: RHP Rod Boxberger
|
|
|
Batting: RHB Tony Russell
|
0-0: Fly out, F7 (Flyball, 7S, EV 85.6 MPH)
|
|
Batting: LHB John Edmonds
|
0-0: Called Strike 0-1: SINGLE (Line Drive, 7S, EV 100.0 MPH)
|
|
Batting: LHB William Hance
|
0-0: Ball 1-0: Swinging Strike 1-1: Foul Ball, location: 2F 1-2: Strikes out swinging
|
|
Batting: RHB Ronald Carapezzi
|
0-0: Swinging Strike 0-1: Fly out, F8 (Line Drive, 8LM, EV 91.3 MPH)
|
| Bottom of the 1st over - 0 runs, 1 hit, 0 errors, 1 left on base; Gastonia 0 - Greenville 0 |
| TOP OF THE 2ND |
|
Gastonia Rockets batting - Pitching for Greenville Spinners : RHP Robert Hussey
|
|
Batting: RHB Mark Davidson
|
0-0: Foul Ball, location: 2F 0-1: DOUBLE (Line Drive, 89D, EV 108.1 MPH)
|
|
Batting: RHB john W Russell
|
0-0: Ball 1-0: Foul Ball, location: 2F 1-1: Foul Ball, location: 2F 1-2: Strikes out swinging
|
|
Batting: RHB Gary Skow
|
0-0: Ball 1-0: Swinging Strike 1-1: Ball 2-1: Fly out, F9 (Line Drive, 9LM, EV 93.8 MPH)
|
|
Batting: RHB Jorge Monroig
|
0-0: Called Strike 0-1: Ground out 6-3 (Groundball, 6, EV 88.1 MPH)
|
| Top of the 2nd over - 0 runs, 1 hit, 0 errors, 1 left on base; Gastonia 0 - Greenville 0 |
| BOTTOM OF THE 2ND |
|
Greenville Spinners batting - Pitching for Gastonia Rockets : RHP Rod Boxberger
|
|
Batting: RHB Richard Duran
|
0-0: Swinging Strike 0-1: Fly out, F8 (Flyball, 8LXD, EV 106.9 MPH)
|
|
Batting: RHB Glenn Robertson
|
0-0: Ball 1-0: Fly out, F5 (Popup, 56, EV 59.4 MPH)
|
|
Batting: RHB Michael McEvilly
|
0-0: Ball 1-0: Called Strike 1-1: DOUBLE (Flyball, 8LXD, EV 93.8 MPH)
|
|
Batting: RHB Luis Salazar
|
0-0: Called Strike 0-1: Foul Ball, location: 2F 0-2: Ball 1-2: Ball 2-2: Strikes out looking
|
| Bottom of the 2nd over - 0 runs, 1 hit, 0 errors, 1 left on base; Gastonia 0 - Greenville 0 |
| TOP OF THE 3RD |
|
Gastonia Rockets batting - Pitching for Greenville Spinners : RHP Robert Hussey
|
|
Batting: SHB Rodrigo Bellony
|
0-0: Ball 1-0: Ball 2-0: Called Strike 2-1: Ball 3-1: Base on Balls
|
|
Batting: RHB Donald Murelli
|
0-0: Foul Ball, location: 2F 0-1: Ball 1-1: Fly out, F6 (Popup, 6MS, EV 74.4 MPH)
|
|
Batting: LHB Jon Lindsey
|
0-0: Ball 1-0: Called Strike 1-1: Ball 2-1: Ball 3-1: Ground out 3-1 (Groundball, 23, EV 85.0 MPH) Rodrigo Bellony to second
|
|
Batting: RHB Pat Dumouchelle
|
0-0: Ball 1-0: Ball 2-0: Foul Ball, location: 2F 2-1: Swinging Strike 2-2: Fly out, F8 (Flyball, 8RM, EV 80.6 MPH)
|
| Top of the 3rd over - 0 runs, 0 hits, 0 errors, 1 left on base; Gastonia 0 - Greenville 0 |
| BOTTOM OF THE 3RD |
|
Greenville Spinners batting - Pitching for Gastonia Rockets : RHP Rod Boxberger
|
|
Batting: RHB Darrell Woodard
|
0-0: Ball 1-0: Called Strike 1-1: Ball 2-1: Ball 3-1: Base on Balls
|
|
Batting: RHB Tony Russell
|
0-0: Ball 1-0: Swinging Strike 1-1: Called Strike Darrell Woodard steals 2nd base 1-2: Ball 2-2: Ground out 4-3 (Groundball, 4, EV 103.8 MPH) Darrell Woodard to third
|
|
Batting: LHB John Edmonds
|
0-0: Called Strike Passed Ball! Darrell Woodard scores 0-1: Foul Ball, location: 2F 0-2: Ball 1-2: Ball 2-2: Ball 3-2: Base on Balls
|
|
Batting: LHB William Hance
|
0-0: Ball 1-0: Foul Ball, location: 2F 1-1: Ball 2-1: Ball 3-1: Foul Ball, location: 2F 3-2: Ground out 6-3 (Groundball, 6, EV 86.3 MPH) John Edmonds to second
|
|
Batting: RHB Ronald Carapezzi
|
0-0: Called Strike 0-1: Ball 1-1: Ball 2-1: Ball 3-1: Base on Balls
|
|
Batting: RHB Richard Duran
|
0-0: Ball 1-0: Ball 2-0: Called Strike 2-1: Fly out, F8 (Flyball, 8LD, EV 84.4 MPH)
|
| Bottom of the 3rd over - 1 run, 0 hits, 0 errors, 2 left on base; Gastonia 0 - Greenville 1 |
| TOP OF THE 4TH |
|
Gastonia Rockets batting - Pitching for Greenville Spinners : RHP Robert Hussey
|
|
Batting: LHB Dale Holman
|
0-0: Ball 1-0: Ball 2-0: Ball 3-0: Called Strike 3-1: Base on Balls
|
|
Batting: RHB Mark Davidson
|
0-0: Called Strike 0-1: Foul Ball, location: 2F 0-2: Strikes out swinging
|
|
Batting: RHB john W Russell
|
0-0: Ball 1-0: Foul Ball, location: 2F 1-1: SINGLE (Line Drive, 6MD, EV 98.1 MPH) Dale Holman to second
|
|
Batting: RHB Gary Skow
|
0-0: Fielders Choice at 2nd, 5-4 (Groundball, 56, EV 110.0 MPH) Dale Holman to third
|
|
Batting: RHB Jorge Monroig
|
0-0: Ball 1-0: SINGLE (Groundball, 6MD, EV 94.4 MPH) Dale Holman scores Gary Skow to second Runner from 2nd tries for 3rd, OUT! 8-5
|
| Top of the 4th over - 1 run, 2 hits, 0 errors, 1 left on base; Gastonia 1 - Greenville 1 |
| BOTTOM OF THE 4TH |
|
Greenville Spinners batting - Pitching for Gastonia Rockets : RHP Rod Boxberger
|
|
Batting: RHB Glenn Robertson
|
0-0: Called Strike 0-1: Ball 1-1: Called Strike 1-2: Ground out 5-3 (Groundball, 56, EV 106.3 MPH)
|
|
Batting: RHB Michael McEvilly
|
0-0: Foul Ball, location: 2F 0-1: Ball 1-1: Ground out 5-3 (Groundball, 56, EV 82.5 MPH)
|
|
Batting: RHB Luis Salazar
|
0-0: Called Strike 0-1: Ground out 6-3 (Groundball, 6, EV 86.3 MPH)
|
| Bottom of the 4th over - 0 runs, 0 hits, 0 errors, 0 left on base; Gastonia 1 - Greenville 1 |
| TOP OF THE 5TH |
|
Gastonia Rockets batting - Pitching for Greenville Spinners : RHP Robert Hussey
|
|
Batting: SHB Rodrigo Bellony
|
0-0: Ball 1-0: Ball 2-0: SINGLE (Line Drive, 56D, EV 97.5 MPH)
|
|
Batting: RHB Donald Murelli
|
Pickoff Throw to First - Out! 1-3 0-0: Fly out, F9 (Line Drive, 9, EV 88.8 MPH)
|
|
Batting: LHB Jon Lindsey
|
0-0: Ball 1-0: Ball 2-0: Called Strike 2-1: Ball 3-1: Base on Balls
|
|
Batting: RHB Pat Dumouchelle
|
0-0: Ball 1-0: Fly out, F9 (Flyball, 9, EV 90.0 MPH)
|
| Top of the 5th over - 0 runs, 1 hit, 0 errors, 1 left on base; Gastonia 1 - Greenville 1 |
| BOTTOM OF THE 5TH |
|
Greenville Spinners batting - Pitching for Gastonia Rockets : RHP Rod Boxberger
|
|
Batting: RHB Darrell Woodard
|
0-0: Ball 1-0: Ground out 4-3 (Groundball, 34, EV 102.5 MPH)
|
|
Batting: RHB Tony Russell
|
0-0: Ball 1-0: SINGLE (Groundball, 5L, EV 108.1 MPH) (infield hit)
|
|
Batting: LHB John Edmonds
|
0-0: Ball 1-0: Ball 2-0: DOUBLE (Line Drive, 8LXD, EV 100.6 MPH) Tony Russell to third Runner from 3rd tries for Home, SAFE, no throw by CF
|
|
Batting: LHB William Hance
|
0-0: Foul Ball, location: 2F 0-1: Swinging Strike 0-2: Ball 1-2: Ball 2-2: Ball 3-2: Base on Balls
|
|
Batting: RHB Ronald Carapezzi
|
0-0: Ball 1-0: Called Strike 1-1: Ball 2-1: Foul Ball, location: 2F 2-2: Ball 3-2: Foul Ball, location: 2F 3-2: Ground out 5-3 (Groundball, 5S, EV 81.3 MPH) John Edmonds to third William Hance to second
|
|
Batting: RHB Richard Duran
|
0-0: Swinging Strike 0-1: Swinging Strike 0-2: Fly out, F9 (Line Drive, 9, EV 89.4 MPH)
|
| Bottom of the 5th over - 1 run, 2 hits, 0 errors, 2 left on base; Gastonia 1 - Greenville 2 |
| TOP OF THE 6TH |
|
Gastonia Rockets batting - Pitching for Greenville Spinners : RHP Robert Hussey
|
|
Batting: LHB Dale Holman
|
0-0: Ball 1-0: Ball 2-0: Called Strike 2-1: Ball 3-1: Foul Ball, location: 2F 3-2: Ground out 4-3 (Groundball, 34D, EV 103.8 MPH)
|
|
Batting: RHB Mark Davidson
|
0-0: Ball 1-0: Foul Ball, location: 2F 1-1: Foul Ball, location: 2F 1-2: Ball 2-2: Fly out, F8 (Flyball, 8RD, EV 83.8 MPH)
|
|
Batting: RHB john W Russell
|
0-0: Foul Ball, location: 2F 0-1: Called Strike 0-2: Strikes out swinging
|
| Top of the 6th over - 0 runs, 0 hits, 0 errors, 0 left on base; Gastonia 1 - Greenville 2 |
| BOTTOM OF THE 6TH |
|
Greenville Spinners batting - Pitching for Gastonia Rockets : RHP Rod Boxberger
|
|
Batting: RHB Glenn Robertson
|
0-0: Ball 1-0: Ball 2-0: Called Strike 2-1: Ball 3-1: Called Strike 3-2: Foul Ball, location: 2F 3-2: Fly out, F8 (Flyball, 8RXD, EV 91.3 MPH)
|
|
Batting: RHB Michael McEvilly
|
0-0: Fly out, F3 (Popup, 3F, EV 71.9 MPH)
|
|
Batting: RHB Luis Salazar
|
0-0: Ball 1-0: Called Strike 1-1: Fly out, F8 (Flyball, 8RD, EV 98.8 MPH)
|
| Bottom of the 6th over - 0 runs, 0 hits, 0 errors, 0 left on base; Gastonia 1 - Greenville 2 |
| TOP OF THE 7TH |
|
Gastonia Rockets batting - Pitching for Greenville Spinners : RHP Robert Hussey
|
|
Batting: RHB Gary Skow
|
0-0: Called Strike 0-1: DOUBLE (Line Drive, 89D, EV 106.9 MPH)
|
|
Pinch Hitting: LHB Reginald Thomas
|
0-0: Ball Wild Pitch! Gary Skow to third 1-0: Ball 2-0: SINGLE (Line Drive, 78S, EV 106.3 MPH) Gary Skow scores
|
|
Batting: SHB Rodrigo Bellony
|
0-0: SINGLE (Line Drive, 78S, EV 105.0 MPH) Reginald Thomas to second
|
|
Batting: RHB Donald Murelli
|
0-0: Sac Bunt to 2R - play at first, batter OUT! 2-4 Reginald Thomas to third Rodrigo Bellony to second
|
|
Batting: LHB Jon Lindsey
|
0-0: Ball 1-0: Swinging Strike 1-1: Fly out, F8 (Flyball, 8LXD, EV 85.6 MPH) Runner from 3rd tags up, SCORES, no throw by CF
|
|
Batting: RHB Pat Dumouchelle
|
0-0: DOUBLE (Flyball, 89D, EV 93.8 MPH) Rodrigo Bellony scores
|
|
Batting: LHB Dale Holman
|
0-0: Foul Ball, location: 2F 0-1: Ball 1-1: Swinging Strike 1-2: Ball 2-2: Foul Ball, location: 2F 2-2: Ground out 4-3 (Groundball, 34D, EV 106.9 MPH)
|
| Top of the 7th over - 3 runs, 4 hits, 0 errors, 1 left on base; Gastonia 4 - Greenville 2 |
| BOTTOM OF THE 7TH |
|
Greenville Spinners batting - Pitching for Gastonia Rockets : RHP Rod Boxberger
|
|
Now in LF: Stanley Haas
|
|
|
Batting: RHB Darrell Woodard
|
0-0: Ball 1-0: Ball 2-0: Ball 3-0: Base on Balls
|
|
Batting: RHB Tony Russell
|
0-0: Ball 1-0: Called Strike 1-1: Swinging Strike 1-2: Foul Ball, location: 2F 1-2: Foul Ball, location: 2F 1-2: Foul Ball, location: 2F 1-2: Strikes out swinging
|
|
Batting: LHB John Edmonds
|
0-0: Called Strike Darrell Woodard steals 2nd base 0-1: Called Strike 0-2: Ball 1-2: Foul Ball, location: 2F 1-2: Fly out, F7 (Line Drive, 7, EV 83.8 MPH)
|
|
Batting: LHB William Hance
|
0-0: Called Strike 0-1: Ball 1-1: Called Strike 1-2: Ball 2-2: Strikes out swinging
|
| Bottom of the 7th over - 0 runs, 0 hits, 0 errors, 1 left on base; Gastonia 4 - Greenville 2 |
| TOP OF THE 8TH |
|
Gastonia Rockets batting - Pitching for Greenville Spinners : RHP Robert Hussey
|
|
Batting: RHB Mark Davidson
|
0-0: Called Strike 0-1: Foul Ball, location: 2F 0-2: Foul Ball, location: 2F 0-2: SINGLE (Flyball, 8LS, EV 86.3 MPH)
|
|
Batting: RHB john W Russell
|
0-0: Ball 1-0: Called Strike Mark Davidson steals 2nd base 1-1: Ground out 5-3 (Groundball, 56, EV 111.3 MPH)
|
|
Batting: RHB Gary Skow
|
0-0: Intentional Walk
|
|
Batting: RHB Stanley Haas
|
0-0: Ground out 6-3 (Groundball, 6MD, EV 86.9 MPH) Mark Davidson to third Gary Skow to second
|
|
Batting: SHB Rodrigo Bellony
|
0-0: Ball 1-0: Foul Ball, location: 2F 1-1: Ball 2-1: Hit by Pitch
|
|
Batting: RHB Donald Murelli
|
0-0: Fly out, F9 (Flyball, 9LS, EV 76.9 MPH)
|
| Top of the 8th over - 0 runs, 1 hit, 0 errors, 3 left on base; Gastonia 4 - Greenville 2 |
| BOTTOM OF THE 8TH |
|
Greenville Spinners batting - Pitching for Gastonia Rockets : RHP Rod Boxberger
|
|
Batting: RHB Ronald Carapezzi
|
0-0: Called Strike 0-1: Ground out 6-3 (Groundball, 6, EV 101.3 MPH)
|
|
Batting: RHB Richard Duran
|
0-0: Ball 1-0: Ball 2-0: Called Strike 2-1: Fly out, F9 (Flyball, 89D, EV 100.0 MPH)
|
|
Batting: RHB Glenn Robertson
|
0-0: Ground out 5-3 (Groundball, 56, EV 98.1 MPH)
|
| Bottom of the 8th over - 0 runs, 0 hits, 0 errors, 0 left on base; Gastonia 4 - Greenville 2 |
| TOP OF THE 9TH |
|
Gastonia Rockets batting - Pitching for Greenville Spinners : RHP Robert Hussey
|
|
Batting: LHB Jon Lindsey
|
0-0: Ball 1-0: Ground out 4-3 (Groundball, 4, EV 84.4 MPH)
|
|
Batting: RHB Pat Dumouchelle
|
0-0: Ball 1-0: Fly out, F9 (Flyball, 9LD, EV 93.8 MPH)
|
|
Batting: LHB Dale Holman
|
0-0: Fly out, F8 (Flyball, 8RS, EV 88.8 MPH)
|
| Top of the 9th over - 0 runs, 0 hits, 0 errors, 0 left on base; Gastonia 4 - Greenville 2 |
| BOTTOM OF THE 9TH |
|
Greenville Spinners batting - Pitching for Gastonia Rockets : RHP Rod Boxberger
|
|
Pitching: RHP Harvey Akers
|
|
|
Batting: RHB Michael McEvilly
|
0-0: Fly out, F8 (Flyball, 8LD, EV 89.4 MPH)
|
|
Batting: RHB Luis Salazar
|
0-0: Ball 1-0: Called Strike 1-1: Fly out, F9 (Line Drive, 9D, EV 97.5 MPH)
|
|
Batting: RHB Darrell Woodard
|
0-0: Ball 1-0: Ball 2-0: Swinging Strike 2-1: Foul Ball, location: 2F 2-2: Ball 3-2: Foul Ball, location: 2F 3-2: Base on Balls
|
|
Batting: RHB Tony Russell
|
Pickoff Throw to First - Error! E1 Darrell Woodard to second 0-0: Foul Ball, location: 2F 0-1: Fly out, F4 (Flyball, 4D, EV 74.4 MPH)
|
| Bottom of the 9th over - 0 runs, 0 hits, 1 error, 1 left on base; Gastonia 4 - Greenville 2 |
|